 Dungeon Crawl Stone Soup version 0.30.1-9-gdf580d7c3d (webtiles) character file.

Game seed: 4711520152844583834

7 ChiefBigBeans the Chiller (level 1, 0/14 HPs)
             Began as a Draconian Ice Elementalist on Sept 26, 2023.
             Frozen to death by an endoplasm (5 damage)
             ... on level 1 of the Dungeon.
             The game lasted 00:00:37 (316 turns).

ChiefBigBeans the Chiller (DrIE)                     Turns: 316, Time: 00:00:38

Health: 0/14       AC:  4    Str: 10    XL:     1   Next: 83%
Magic:  1/3        EV: 12    Int: 15    God:
Gold:   2          SH:  0    Dex: 11    Spells: 3/4 levels left

rFire   + . .        e - staff of fire
rCold   . . .        (no shield)
rNeg    + . .        (body armour unavailable)
rPois   .            (helmet restricted)
rElec   .            (no cloak)
rCorr   .            (no gloves)
SInv    .            (no boots)
Will    .....        (no amulet)
Stlth   ++           d - ring of positive energy
HPRegen 0.22/turn    (no ring)
MPRegen 0.08/turn

%: no passive effects
@: no status effects
A: AC +4, unfitting armour, cold-blooded
a: no special abilities


You were on level 1 of the Dungeon.
You visited 1 branch of the dungeon, and saw 1 of its levels.

You collected 2 gold pieces.

Inventory:

Magical Staves
 e - a staff of fire (weapon)
Jewellery
 d - a ring of positive energy (left hand)
Scrolls
 b - a scroll of fog {unknown}
Potions
 a - a potion of magic
 c - a potion of resistance {unknown}


   Skills:
 - Level 1.7 Dodging
 - Level 1.7 Stealth
 + Level 2.2 Spellcasting
 + Level 4.1 Ice Magic


You had 3 spell levels left.
You knew the following spells:

 Your Spells              Type           Power      Damage    Failure   Level
a - Freeze                Ice            56%        1d7       3%          1

Your spell library contained the following spells:

 Spells                   Type           Power      Damage    Failure   Level
 Frozen Ramparts          Ice            28%        1d5       12%         3
 Ozocubu's Armour         Ice            14%        N/A       12%         3
 Summon Ice Beast         Ice/Summ       7%         N/A       67%         4


Dungeon Overview and Level Annotations

Branches:
Dungeon (1/15)

Altars:


Innate Abilities, Weirdness & Mutations

Your plain brown scales are hard. (AC +4)
You cannot fit into any form of body armour.
You are cold-blooded and may be slowed by cold attacks.


Message History

The endoplasm barely misses you.
You are out of magic!
You are out of magic!
You are out of magic!
You closely miss the rat. The ball python closely misses you.
The ball python barely misses you. The rat bites you but does no damage.
The endoplasm closely misses you.
The ball python bites you but does no damage.
The ball python barely misses you.
You hit the rat but do no damage. The endoplasm freezes you.
You are frozen.
You feel yourself slow down. The rat barely misses you.
The ball python barely misses you. The ball python misses you.
You barely miss the rat. The rat barely misses you.
The ball python bites you but does no damage.
The ball python grabs you. The ball python constricts you.
The endoplasm closely misses you. x2; The ball python bites you.
The ball python constricts you. The rat bites you but does no damage.
You escape the ball python's grasp.
The rat attacks as you move away! The rat barely misses you.
The ball python barely misses you. x2
The ball python closely misses you. The ball python barely misses you.
The endoplasm closely misses you. The ball python bites you.
The ball python closely misses you.
The endoplasm hits you but does no damage.
Your magical contamination has completely faded away.
The endoplasm attacks as you move away! The endoplasm closely misses you.
You feel yourself speed up. The ball python bites you.
The ball python closely misses you. The rat closely misses you.
The rat closely misses you. The ball python closely misses you. x2
You see here a staff of fire.
e - a staff of fire The ball python closely misses you.
The ball python misses you. The rat barely misses you.
e - a staff of fire (weapon)
The ball python bites you. The ball python barely misses you.
The rat closely misses you. The endoplasm freezes you.
You are frozen.
You die...

#.# # ###..##### #
#♣##......>.# #
..#........# # #
..........###$# #
#............ #
#......†..# #
#...J.....# #
#..@S.....##########
#...r....>..........
######.#.###########
#.#.# #.#.# #.#..
#.### #..


You could see an endoplasm, a ball python and a rat.

Vanquished Creatures
  2 hobgoblins (D:1)
  A ball python (D:1)
  4 frilled lizards (D:1)
  A rat (D:1)
8 creatures vanquished.

Notes
Turn   | Place    | Note
-------+----------+-------------------------------------------
     0 | D:1      | ChiefBigBeans the Draconian Ice Elementalist began the
                  | quest for the Orb.
     0 | D:1      | Reached XP level 1. HP: 14/14 MP: 3/3
   316 | D:1      | Frozen to death by an endoplasm

Illustrated notes

Levels and vault maps discovered:
D:1:      dpeg_arrival_stone_temple_mockup, layout_basic, serial_forest,
          infiniplex_forest_end_double, infiniplex_forest_lined_2,
          infiniplex_forest_clump_medium, infiniplex_forest_straight_4,
          infiniplex_forest_straight_1, infiniplex_forest_lined_3

Action                     || total
---------------------------++-------
  Melee: Unarmed           ||     5
   Cast: Freeze            ||    10
 Armour: Skin              ||     8
  Dodge: Dodged            ||    43
